General information
			
			
        
        - name: BNet
 
        - type: Ladder team game (AT/RT)
 
        - host: Battle.net
 
        - saver: kunt.roII
 
        
map: CopperCanyon 
        - players: 6
 
        - length: 28:13
 
        - speed: Fast
 - version: 1.22 W3XP
 - replay type:  Public
 
» download(195 KB)
Players
        team 1 (winner) 
              
              
ball_sweets (
orange | 51 APM | 1426 actions | 28:11)
              
 6 Blademaster 
 3 Wind Walk
 2 Critical Strike
 1 Bladestorm
 
                » actions 
                
                | Assign group hotkey | 18 |  | 
| Basic commands | 10 |  | 
| Build / train | 80 |  | 
| Enter build submenu | 47 |  | 
| Enter hero's abilities submenu | 6 |  | 
| Give item / drop item | 12 |  | 
| Right click | 606 |  | 
| Select / deselect | 185 |  | 
| Select group hotkey | 341 |  | 
| Use ability | 121 |  | 
                1426 total
 » units 
                » upgrades
                
                | Reinforced Defenses | 1 |  | 
| Liquid Fire | 1 |  | 
| Ranged Weapons | 3 |  | 
| Armor | 3 |  | 
| Spiked Barricades | 1 |  | 
                9 total
 » buildings
                
                | Altar of Storms | 1 |  | 
| Orc Burrow | 4 |  | 
| War Mill | 1 |  | 
| Voodoo Lounge | 2 |  | 
| Watch Tower | 40 |  | 
| Stronghold | 1 |  | 
| Fortress | 1 |  | 
| Beastiary | 3 |  | 
| Great Hall | 2 |  | 
                55 total
 » build order
                00:07 Altar of Storms
00:16 Orc Burrow
00:29 War Mill
01:23 Voodoo Lounge
01:42 Watch Tower
02:05 Orc Burrow
02:24 Watch Tower
02:50 Watch Tower
03:41 Watch Tower
04:09 Watch Tower
04:13 Stronghold
04:33 Watch Tower
04:37 Watch Tower
06:59 Fortress
07:02 Watch Tower
07:02 Watch Tower
07:05 Beastiary
07:07 Beastiary
07:14 Beastiary
07:22 Orc Burrow
07:25 Orc Burrow
07:36 Watch Tower
08:02 Watch Tower
08:58 Watch Tower
13:20 Watch Tower
13:20 Watch Tower
13:21 Watch Tower
13:22 Watch Tower
13:36 Watch Tower
13:37 Watch Tower
13:38 Watch Tower
13:39 Watch Tower
16:36 Great Hall
17:19 Watch Tower
17:52 Watch Tower
18:10 Watch Tower
19:32 Voodoo Lounge
19:49 Watch Tower
19:56 Watch Tower
20:01 Watch Tower
20:01 Watch Tower
21:10 Watch Tower
21:12 Watch Tower
21:13 Watch Tower
21:16 Watch Tower
23:07 Watch Tower
23:08 Watch Tower
23:10 Watch Tower
23:14 Watch Tower
23:59 Watch Tower
24:20 Great Hall
27:40 Watch Tower
27:42 Watch Tower
27:44 Watch Tower
27:46 Watch Tower
» items
                
                | Boots of Speed | 1 |  | 
| Lesser Clarity Potion | 6 |  | 
| Healing Salve | 3 |  | 
| Staff of Teleportation | 1 |  | 
| Orb of Lightning | 1 |  | 
                12 total
  
               
              
              
kunt.roII (
red | 103 APM | 2901 actions | 28:13)
              
 3 Mountain King 
 2 Storm Bolt
 1 Bash
 3 Paladin 
 1 Holy Light
 2 Divine Shield
 
                » actions 
                
                | Assign group hotkey | 29 |  | 
| Basic commands | 19 |  | 
| Build / train | 139 |  | 
| ESC pressed | 5 |  | 
| Enter build submenu | 61 |  | 
| Enter hero's abilities submenu | 6 |  | 
| Give item / drop item | 6 |  | 
| Right click | 1115 |  | 
| Select / deselect | 344 |  | 
| Select group hotkey | 909 |  | 
| Use ability | 267 |  | 
                2901 total
 » units 
                
                | Peasant | 20 |  | 
| Priest | 5 |  | 
| Sorceress | 3 |  | 
| Goblin Zeppelin | 1 |  | 
                29 total
 » upgrades
                
                | Masonry | 3 |  | 
| Sorceress Training | 2 |  | 
| Magic Sentry | 1 |  | 
| Priest Training | 2 |  | 
| Lumber Harvesting | 1 |  | 
                9 total
 » buildings
                
                | Altar of Kings | 1 |  | 
| Farm | 7 |  | 
| Lumber Mill | 3 |  | 
| Scout Tower | 89 |  | 
| Arcane Tower | 24 |  | 
| Guard Tower | 35 |  | 
| Keep | 2 |  | 
| Arcane Sanctum | 1 |  | 
| Arcane Vault | 2 |  | 
| Castle | 3 |  | 
                167 total
 » build order
                00:09 Altar of Kings
00:16 Farm
00:24 Lumber Mill
00:49 Scout Tower
00:54 Farm
01:12 Scout Tower
01:39 Arcane Tower
01:40 Arcane Tower
02:00 Guard Tower
02:04 Scout Tower
02:20 Scout Tower
02:22 Scout Tower
02:35 Guard Tower
02:36 Scout Tower
02:37 Scout Tower
03:33 Guard Tower
03:34 Scout Tower
03:35 Scout Tower
03:36 Scout Tower
03:38 Scout Tower
04:17 Keep
04:17 Keep
04:20 Scout Tower
04:22 Scout Tower
04:23 Guard Tower
04:51 Farm
04:51 Farm
04:55 Farm
05:59 Scout Tower
05:59 Scout Tower
06:00 Scout Tower
06:40 Arcane Sanctum
07:05 Guard Tower
07:07 Scout Tower
07:08 Scout Tower
07:14 Arcane Vault
08:35 Castle
08:35 Castle
08:39 Farm
08:56 Guard Tower
08:56 Guard Tower
09:09 Scout Tower
09:10 Scout Tower
09:12 Scout Tower
09:13 Scout Tower
09:13 Scout Tower
09:14 Scout Tower
09:27 Arcane Tower
09:48 Arcane Tower
09:48 Arcane Tower
09:54 Scout Tower
09:55 Scout Tower
09:56 Scout Tower
09:59 Scout Tower
09:59 Scout Tower
10:11 Arcane Vault
10:17 Scout Tower
10:17 Scout Tower
10:18 Scout Tower
10:36 Arcane Tower
10:36 Arcane Tower
10:39 Arcane Tower
10:39 Arcane Tower
10:49 Arcane Tower
10:50 Arcane Tower
10:50 Arcane Tower
10:52 Arcane Tower
10:52 Arcane Tower
11:21 Farm
11:35 Guard Tower
13:13 Guard Tower
13:32 Guard Tower
13:32 Guard Tower
14:47 Scout Tower
14:48 Scout Tower
14:48 Scout Tower
15:51 Scout Tower
15:51 Scout Tower
15:52 Scout Tower
15:53 Scout Tower
15:53 Scout Tower
15:54 Scout Tower
15:55 Scout Tower
15:55 Scout Tower
15:56 Scout Tower
15:58 Scout Tower
15:59 Scout Tower
16:00 Guard Tower
17:14 Guard Tower
17:15 Guard Tower
17:19 Arcane Tower
17:25 Arcane Tower
17:25 Arcane Tower
17:39 Guard Tower
17:39 Guard Tower
21:24 Scout Tower
21:25 Scout Tower
21:25 Scout Tower
21:25 Scout Tower
21:26 Scout Tower
21:26 Scout Tower
21:59 Scout Tower
22:00 Scout Tower
22:00 Scout Tower
22:00 Scout Tower
22:02 Scout Tower
22:03 Scout Tower
22:27 Scout Tower
22:29 Scout Tower
22:29 Scout Tower
22:30 Scout Tower
22:30 Scout Tower
22:30 Scout Tower
22:30 Scout Tower
22:49 Guard Tower
22:49 Guard Tower
23:35 Guard Tower
23:36 Guard Tower
23:59 Lumber Mill
24:12 Scout Tower
24:13 Scout Tower
24:13 Scout Tower
24:41 Guard Tower
24:47 Scout Tower
24:48 Scout Tower
24:49 Scout Tower
24:49 Scout Tower
24:50 Scout Tower
24:52 Scout Tower
25:11 Guard Tower
25:14 Scout Tower
25:14 Scout Tower
25:15 Scout Tower
25:16 Scout Tower
25:16 Scout Tower
25:18 Guard Tower
25:18 Guard Tower
25:37 Guard Tower
25:42 Scout Tower
25:42 Scout Tower
25:43 Scout Tower
25:43 Scout Tower
25:43 Scout Tower
25:44 Scout Tower
25:45 Scout Tower
25:46 Scout Tower
25:46 Scout Tower
27:18 Guard Tower
27:18 Guard Tower
27:38 Guard Tower
27:42 Lumber Mill
» items
                
                | Lesser Clarity Potion | 4 |  | 
| Healing Salve | 3 |  | 
| Scroll of Speed | 2 |  | 
| Staff of Sanctuary | 2 |  | 
| Staff of Teleportation | 2 |  | 
| Boots of Speed | 2 |  | 
| Orb of Lightning | 2 |  | 
| Tiny Great Hall | 1 |  | 
| Potion of Healing | 1 |  | 
| Potion of Mana | 1 |  | 
| Circlet of Nobility | 1 |  | 
| Scroll of Healing | 1 |  | 
| Scroll of Protection | 1 |  | 
                23 total
  
               
              
              
MrFrosty (
teal | 88 APM | 2490 actions | 28:11)
              
 6 Paladin 
 3 Holy Light
 3 Divine Shield
 
                » actions 
                
                | Assign group hotkey | 17 |  | 
| Basic commands | 61 |  | 
| Build / train | 82 |  | 
| ESC pressed | 1 |  | 
| Enter build submenu | 43 |  | 
| Enter hero's abilities submenu | 6 |  | 
| Give item / drop item | 2 |  | 
| Remove unit from queue | 3 |  | 
| Right click | 1404 |  | 
| Select / deselect | 336 |  | 
| Select group hotkey | 378 |  | 
| Use ability | 157 |  | 
                2490 total
 » units 
                
                | Peasant | 20 |  | 
| Mortar Team | 3 |  | 
| Priest | 2 |  | 
| Sorceress | 2 |  | 
| Dragonhawk Rider | 2 |  | 
                29 total
 » upgrades
                
                | Masonry | 1 |  | 
| Magic Sentry | 1 |  | 
| Priest Training | 1 |  | 
| Sorceress Training | 1 |  | 
| Flare | 1 |  | 
                5 total
 » buildings
                
                | Altar of Kings | 2 |  | 
| Farm | 10 |  | 
| Scout Tower | 20 |  | 
| Lumber Mill | 2 |  | 
| Arcane Tower | 2 |  | 
| Guard Tower | 9 |  | 
| Arcane Vault | 5 |  | 
| Town Hall | 2 |  | 
| Keep | 1 |  | 
| Blacksmith | 1 |  | 
| Workshop | 1 |  | 
| Arcane Sanctum | 1 |  | 
| Gryphon Aviary | 1 |  | 
                57 total
 » build order
                00:05 Altar of Kings
00:20 Farm
00:44 Scout Tower
00:51 Lumber Mill
01:06 Scout Tower
01:25 Arcane Tower
01:43 Farm
01:56 Guard Tower
02:26 Scout Tower
02:48 Scout Tower
02:48 Scout Tower
02:56 Arcane Vault
03:02 Arcane Vault
03:07 Arcane Vault
03:17 Guard Tower
04:15 Guard Tower
06:01 Scout Tower
06:02 Scout Tower
06:23 Scout Tower
06:30 Guard Tower
06:33 Arcane Vault
06:34 Scout Tower
06:38 Scout Tower
06:42 Scout Tower
06:57 Guard Tower
07:55 Town Hall
08:21 Lumber Mill
08:22 Farm
08:22 Farm
09:43 Altar of Kings
09:49 Farm
10:51 Keep
11:48 Blacksmith
11:52 Arcane Vault
13:16 Workshop
13:19 Arcane Sanctum
13:22 Farm
13:23 Farm
13:24 Farm
13:27 Farm
14:14 Farm
15:56 Scout Tower
15:58 Scout Tower
16:00 Scout Tower
16:00 Scout Tower
16:42 Guard Tower
17:32 Guard Tower
18:07 Guard Tower
18:33 Scout Tower
18:34 Scout Tower
19:28 Arcane Tower
20:30 Scout Tower
20:32 Scout Tower
20:32 Scout Tower
21:41 Guard Tower
22:10 Town Hall
22:54 Gryphon Aviary
» items
                
                | Staff of Teleportation | 1 |  | 
| Boots of Speed | 1 |  | 
| Lesser Clarity Potion | 16 |  | 
| Scroll of Regeneration | 2 |  | 
| Healing Salve | 1 |  | 
| Orb of Lightning | 1 |  | 
| Potion of Lesser Invulnerability | 1 |  | 
| Potion of Invisibility | 1 |  | 
| Scroll of Healing | 1 |  | 
| Scroll of Protection | 1 |  | 
                26 total
  
               team 2 (loser) 
              
              
crazeeyes (
pink | 46 APM | 1304 actions | 28:05)
              
 3 Death Knight 
 2 Death Coil
 1 Unholy Aura
 3 Dreadlord 
 2 Vampiric Aura
 1 Sleep
 
                » actions 
                
                | Basic commands | 26 |  | 
| Build / train | 77 |  | 
| Enter build submenu | 25 |  | 
| Enter hero's abilities submenu | 6 |  | 
| Give item / drop item | 3 |  | 
| Remove unit from queue | 2 |  | 
| Right click | 726 |  | 
| Select / deselect | 369 |  | 
| Use ability | 70 |  | 
                1304 total
 » units 
                
                | Acolyte | 26 |  | 
| Ghoul | 3 |  | 
| Crypt Fiend | 6 |  | 
| Gargoyle | 7 |  | 
| Frost Wyrm | 4 |  | 
| Meatwagon | 2 |  | 
                48 total
 » upgrades
                
                | Creature Attack | 2 |  | 
| Web | 1 |  | 
| Creature Carapace | 1 |  | 
| Freezing Breath | 1 |  | 
                5 total
 » buildings
                
                | Graveyard | 1 |  | 
| Crypt | 2 |  | 
| Altar of Darkness | 1 |  | 
| Ziggurat | 11 |  | 
| Tomb of Relics | 1 |  | 
| Nerubian Tower | 1 |  | 
| Spirit Tower | 3 |  | 
| Halls of the Dead | 1 |  | 
| Black Citadel | 1 |  | 
| Sacrificial Pit | 1 |  | 
| Boneyard | 2 |  | 
| Slaughterhouse | 2 |  | 
                27 total
 » build order
                00:11 Graveyard
00:21 Crypt
00:52 Altar of Darkness
01:04 Ziggurat
01:20 Ziggurat
01:46 Tomb of Relics
03:03 Nerubian Tower
05:47 Ziggurat
05:58 Ziggurat
06:01 Ziggurat
06:47 Spirit Tower
07:24 Halls of the Dead
09:40 Ziggurat
09:49 Ziggurat
09:51 Ziggurat
09:54 Ziggurat
10:13 Ziggurat
10:16 Ziggurat
10:50 Spirit Tower
11:15 Spirit Tower
12:22 Black Citadel
15:26 Crypt
15:35 Sacrificial Pit
16:43 Boneyard
16:46 Boneyard
23:59 Slaughterhouse
24:02 Slaughterhouse
» items
                
                | Rod of Necromancy | 1 |  | 
| Sacrificial Skull | 3 |  | 
| Orb of Corruption | 2 |  | 
| Scroll of Town Portal | 1 |  | 
| Boots of Speed | 1 |  | 
                8 total
  
               
              
              
DarkCorruption (
yellow | 55 APM | 1541 actions | 28:10)
              
 2 Death Knight 
 1 Death Coil
 1 Unholy Aura
 2 Lich 
 1 Frost Nova
 1 Frost Armor
 
                » actions 
                
                | Assign group hotkey | 16 |  | 
| Basic commands | 91 |  | 
| Build / train | 53 |  | 
| ESC pressed | 2 |  | 
| Enter build submenu | 23 |  | 
| Enter hero's abilities submenu | 4 |  | 
| Give item / drop item | 2 |  | 
| Right click | 371 |  | 
| Select / deselect | 364 |  | 
| Select group hotkey | 566 |  | 
| Use ability | 49 |  | 
                1541 total
 » units 
                
                | Acolyte | 5 |  | 
| Ghoul | 15 |  | 
| Gargoyle | 6 |  | 
| Obsidian Statue | 2 |  | 
| Meatwagon | 2 |  | 
                30 total
 » upgrades
                
                | Unholy Armor | 2 |  | 
| Unholy Strength | 1 |  | 
| Ghoul Frenzy | 1 |  | 
| Destroyer Form | 1 |  | 
                5 total
 » buildings
                
                | Altar of Darkness | 1 |  | 
| Ziggurat | 9 |  | 
| Crypt | 1 |  | 
| Tomb of Relics | 1 |  | 
| Graveyard | 1 |  | 
| Halls of the Dead | 1 |  | 
| Spirit Tower | 3 |  | 
| Slaughterhouse | 1 |  | 
| Black Citadel | 1 |  | 
| Sacrificial Pit | 2 |  | 
                21 total
 » build order
                00:08 Altar of Darkness
00:13 Ziggurat
00:39 Crypt
01:09 Ziggurat
01:20 Tomb of Relics
02:57 Ziggurat
04:54 Graveyard
05:39 Halls of the Dead
05:44 Ziggurat
05:48 Ziggurat
06:03 Ziggurat
06:36 Ziggurat
07:03 Ziggurat
07:08 Spirit Tower
07:39 Spirit Tower
09:12 Slaughterhouse
13:43 Black Citadel
15:59 Sacrificial Pit
17:58 Spirit Tower
20:15 Sacrificial Pit
21:34 Ziggurat
» items
                
                | Rod of Necromancy | 1 |  | 
| Sacrificial Skull | 1 |  | 
| Potion of Healing | 2 |  | 
| Potion of Lesser Invulnerability | 1 |  | 
| Scroll of Protection | 1 |  | 
| Scroll of Healing | 1 |  | 
                7 total
  
               
              
              
Nephilhim (
purple | 103 APM | 2889 actions | 28:09)
              
 3 Dreadlord 
 1 Sleep
 2 Vampiric Aura
 1 Dark Ranger 
 1 Black Arrow
 
                » actions 
                
                | Assign group hotkey | 44 |  | 
| Basic commands | 185 |  | 
| Build / train | 63 |  | 
| ESC pressed | 12 |  | 
| Enter build submenu | 14 |  | 
| Enter hero's abilities submenu | 4 |  | 
| Give item / drop item | 1 |  | 
| Remove unit from queue | 2 |  | 
| Right click | 1222 |  | 
| Select / deselect | 612 |  | 
| Select group hotkey | 551 |  | 
| Use ability | 179 |  | 
                2889 total
 » units 
                
                | Acolyte | 12 |  | 
| Ghoul | 22 |  | 
| Obsidian Statue | 1 |  | 
| Meatwagon | 1 |  | 
| Necromancer | 3 |  | 
                39 total
 » upgrades
                
                | Cannibalize | 1 |  | 
| Unholy Strength | 1 |  | 
| Unholy Armor | 2 |  | 
| Exhume Corpses | 1 |  | 
| Necromancer Training | 1 |  | 
| Skeletal Longevity | 1 |  | 
| Ghoul Frenzy | 1 |  | 
                8 total
 » buildings
                
                | Altar of Darkness | 1 |  | 
| Crypt | 2 |  | 
| Ziggurat | 6 |  | 
| Graveyard | 1 |  | 
| Tomb of Relics | 1 |  | 
| Halls of the Dead | 1 |  | 
| Black Citadel | 1 |  | 
| Slaughterhouse | 1 |  | 
| Temple of the Damned | 2 |  | 
                16 total
 » build order
                00:10 Altar of Darkness
00:11 Crypt
00:37 Ziggurat
01:00 Ziggurat
01:28 Graveyard
02:02 Tomb of Relics
03:41 Ziggurat
05:03 Crypt
07:47 Halls of the Dead
08:08 Ziggurat
10:25 Black Citadel
10:31 Slaughterhouse
10:38 Temple of the Damned
10:44 Temple of the Damned
11:19 Ziggurat
14:39 Ziggurat
» items
                
                | Rod of Necromancy | 1 |  | 
| Sacrificial Skull | 1 |  | 
| Potion of Healing | 2 |  | 
                4 total
  
                Chat log
          (00:09 / Allies) MrFrosty: upi go mk 1sT?
(00:12 / Allies) kunt.roII: yeah
(00:12 / Allies) MrFrosty: you
(00:13 / Allies) MrFrosty: ?
(00:17 / Allies) MrFrosty: ok aplly
(02:43 / Allies) kunt.roII: acos
(02:49 / Allies) kunt.roII: fiend
(02:53 / Allies) kunt.roII: nvm
(02:55 / Allies) kunt.roII: dk
(03:26 / Allies) kunt.roII: aco
(03:37 / Allies) MrFrosty: ill staff in
(03:53 / Allies) kunt.roII: give staff1
(04:01 / Allies) kunt.roII: argh
(04:37 / Allies) kunt.roII: soo i guess staff cd doesnt reset now
(04:45 / Allies) kunt.roII: welp
(04:58 / Allies) kunt.roII: brt
(05:19 / Allies) MrFrosty: hes got a blight skull
(05:49 / Allies) MrFrosty: no need
(06:56 / Allies) kunt.roII: just get workers tpd out..
(07:15 / Allies) kunt.roII: u can take my expo
(07:23 / Allies) kunt.roII: creep it now
(07:29 / Allies) kunt.roII: i miltia
(08:27 / Allies) kunt.roII: take staff
(08:50 / Allies) MrFrosty: lol
(09:27 / Allies) MrFrosty: ugh
(09:32 / Allies) MrFrosty: im fucked
(09:33 / Allies) kunt.roII: ?
(11:26 / Allies) kunt.roII: christ
(12:13 / Allies) kunt.roII: whos got staff
(12:16 / Allies) kunt.roII: kill purps hero
(12:17 / Allies) MrFrosty: i do
(12:34 / Allies) kunt.roII: come
(13:06 / Allies) kunt.roII: necros
(13:12 / Allies) MrFrosty: got him
(13:20 / Allies) kunt.roII: so it seems
(13:23 / Allies) kunt.roII: we have no anti seige lmao
(13:29 / Allies) kunt.roII: should i get 3rd am O_O
(13:43 / Allies) MrFrosty: ill start pally harrass atleast
(13:51 / Allies) kunt.roII: lvl 3 woot
(14:13 / Allies) kunt.roII: i hit purple
(14:25 / Allies) MrFrosty: im getting some morts
(14:30 / Allies) kunt.roII: retake this eventually imo
(14:32 / Allies) kunt.roII: but morts are good
(14:36 / Allies) kunt.roII: hawks u say
(15:03 / Allies) kunt.roII: ghouls now
(15:08 / Allies) kunt.roII: dr
(15:23 / Allies) kunt.roII: close
(15:40 / Allies) kunt.roII: careful...
(15:46 / Allies) kunt.roII: can u tower urself a lil on that side
(16:03 / Allies) kunt.roII: aya
(16:10 / All) kunt.roII: tp gargs in plz
(16:28 / Allies) kunt.roII: ghouls and necs lol
(16:43 / Allies) kunt.roII: goign for
(16:43 / Allies) kunt.roII: aww
(16:48 / Allies) MrFrosty: lol
(16:57 / Allies) kunt.roII: welp
(17:44 / Allies) kunt.roII: gold me plz
(18:32 / Allies) kunt.roII: 200 gold plz
(18:40 / Allies) kunt.roII: ty
(18:47 / Allies) MrFrosty: scan?
(19:42 / Allies) kunt.roII: mas tower
(20:23 / Allies) kunt.roII: careful of this wood
(20:44 / All) kunt.roII: LoL
(20:47 / All) kunt.roII: gl HF
(21:15 / Allies) MrFrosty: lol
(21:31 / Allies) MrFrosty: welp a lil
(21:39 / Allies) MrFrosty: ahahha
(21:56 / Allies) MrFrosty: lumb a lil?
(22:21 / Allies) MrFrosty: get some hawks over these morts
(22:42 / All) kunt.roII: good idea
(23:37 / All) kunt.roII: k gg
(23:40 / All) kunt.roII: 2ez
(24:20 / Allies) kunt.roII: why even bother welp
(24:40 / Allies) MrFrosty: dual houses
(25:21 / Allies) MrFrosty: lol
(25:33 / All) kunt.roII: k gg
(25:50 / All) kunt.roII: k gg
(27:01 / All) kunt.roII: lmao
(27:21 / Allies) kunt.roII: gold me
(27:23 / Allies) kunt.roII: so i can tower u..
(27:24 / Allies) MrFrosty: the peasant that build this
(27:27 / Allies) kunt.roII: and buy things
(27:29 / Allies) MrFrosty: has been here since the start
(27:50 / Allies) MrFrosty: opening this up
(28:06 / All) kunt.roII: 2ez
(28:09 / All) MrFrosty: 2 e z